 Dungeon Crawl Stone Soup version 0.20-a0-351-gc9b4002 (webtiles) character file.

71 terra53 the Caller (level 4, -1/30 HPs)
             Began as a Merfolk Summoner on Dec 25, 2016.
             Was an Initiate of Gozag.
             Killed from afar by a white imp (10 damage)
             ... with a puff of frost
             ... summoned by Natasha
             ... on level 2 of the Dungeon.
             The game lasted 00:09:11 (2013 turns).

terra53 the Caller (Merfolk Summoner)               Turns: 2013, Time: 00:09:11

Health: -1/30      AC:  3    Str:  8    XL:     4   Next: 24%
Magic:  2/8        EV: 13    Int: 15    God:    Gozag
Gold:   154        SH:  0    Dex: 14    Spells: 7/8 levels left

rFire  . . .     SeeInvis +     l - +0 whip
rCold  . . .     Gourm    .     a - +0 robe
rNeg   . . .     Faith    .     (no shield)
rPois  .         Spirit   .     f - +0 helmet
rElec  .         Reflect  .     (no cloak)
rCorr  .         Harm     .     (no gloves)
MR     .....                    (no boots)
Stlth  ++........               (no amulet)
                                (no ring)
                                i - ring of see invisible

@: no status effects
A: change form in water, swift swim, stealthy swim
a: Potion Petition, Call Merchant, Bribe Branch, Renounce Religion


You were on level 2 of the Dungeon.
You worshipped Gozag.
Gozag was aware of your devotion.
You were hungry.

You visited 1 branch of the dungeon, and saw 3 of its levels.

You collected 181 gold pieces.
You paid 27 gold pieces to Gozag.

Inventory:

Hand Weapons
 l - a +0 whip (weapon)
Armour
 a - a +0 robe (worn)
 f - a +0 helmet (worn)
Jewellery
 i - a ring of see invisible (left hand)
Scrolls
 d - a scroll of amnesia {unknown}
 e - a scroll of teleportation {unknown}
 g - a scroll of magic mapping {unknown}
 h - 2 scrolls of identify {unknown}
 k - a scroll of immolation {unknown}
 o - a scroll of enchant armour {unknown}
 u - 2 scrolls of remove curse {unknown}
 v - a scroll of enchant weapon {unknown}
Potions
 m - a potion of invisibility {unknown}
 q - a potion of berserk rage {unknown}
 r - a potion of flight {unknown}
 s - a potion of lignification {unknown}
 t - a potion of curing {unknown}
Books
 b - a book of Callings

   Spells                             Type                      Level
   a - Summon Small Mammal            Summoning                    1
   b - Call Imp                       Summoning                    2
   c - Call Canine Familiar           Summoning                    3
   d - Summon Guardian Golem          Hexes/Summoning              3
   e - Summon Lightning Spire         Summoning/Air                4
   f - Summon Ice Beast               Ice/Summoning                4
 n - a book of the Sky

   Spells                             Type                      Level
   a - Summon Lightning Spire         Summoning/Air                4
   b - Airstrike                      Air                          4
   c - Silence                        Hexes/Air                    5
   d - Deflect Missiles               Charms/Air                   6
   e - Conjure Ball Lightning         Conjuration/Air              6
   f - Tornado                        Air                          9
Comestibles
 c - 2 bread rations
 j - a beef jerky
 p - a royal jelly


   Skills:
 * Level 3.5 Dodging
 + Level 2.2 Stealth
 - Level 0.2 Unarmed Combat
 + Level 2.8 Spellcasting
 * Level 4.7 Summonings


You had 7 spell levels left.
You knew the following spells:

 Your Spells              Type           Power        Failure   Level  Hunger
a - Summon Small Mammal   Summ           ###.         3%          1    #......


Dungeon Overview and Level Annotations

Branches:
Dungeon (3/15)

Altars:
Cheibriados
Elyvilon
Gozag
Sif Muna

Annotations:
D:2 Natasha


Message History

There is a stone staircase leading down here.
Casting: Summon Small Mammal
Confirm with . or Enter, or press ? or * to list all spells.
Natasha closely misses you.
Your bat closely misses Natasha.
Natasha casts a spell.
Casting: Summon Small Mammal
Confirm with . or Enter, or press ? or * to list all spells.
Your bat barely misses Natasha.
Natasha barely misses you.
Your bat closely misses Natasha.
Natasha barely misses you.
Your quokka barely misses the white imp.
Casting: Summon Small Mammal
Confirm with . or Enter, or press ? or * to list all spells.
The white imp closely misses you. Natasha claws you.
* * * LOW HITPOINT WARNING * * *
Your quokka closely misses the white imp.
The white imp gestures at you. The puff of frost hits you!
You die...
Your body crumbles into a pile of gold.

#..##............#.# #.#.........
#.###.........#....# #.#.........
..###.......#....### #.#.........
..#............#.## #.#.........
#...#.#......###..# #.#.........
..##..#....#.####.# #.#.........
#....#........###b# #.#.........
#.##.....##.....#r## #.#.........
.....#..###..###@h.###.##........
........# #.##_##5.##..##.)......
.......## ###...##r##.###........
..#.##># #8.#.8###..# #).......
.##.##.# #...# #.## #........
.##.##.#### ##.#####.# #........
.#........# ##.#≈#.#.####........
##........# #≈...r......#........
#........# ##)#≈#......##.######


You could see Natasha, a white imp, 2 friendly quokkas and a friendly bat.

Vanquished Creatures
  Ijyb (D:2)
  3 adders (D:2)
  2 leopard geckos
  A giant cockroach (D:2)
  6 hobgoblins (D:2)
  A jackal (D:1)
  A bat (D:1)
  2 frilled lizards (D:2)
  5 rats
22 creatures vanquished.

Vanquished Creatures (collateral kills)
  An ooze (D:1)
  2 dart slugs (D:2)
  A leopard gecko (D:1)
  2 giant cockroaches
  5 goblins
  2 hobgoblins (D:1)
  A jackal (D:1)
  3 bats
  5 kobolds
  A rat (D:1)
23 creatures vanquished.

Grand Total: 45 creatures vanquished

Notes
Turn   | Place    | Note
-------+----------+-------------------------------------------
     0 | D:1      | terra53 the Merfolk Summoner began the quest for the Orb.
     0 | D:1      | Reached XP level 1. HP: 13/13 MP: 3/3
   600 | D:1      | Reached XP level 2. HP: 19/19 MP: 1/5
  1209 | D:2      | Found a snail-covered altar of Cheibriados.
  1275 | D:2      | Reached XP level 3. HP: 23/24 MP: 1/6
  1518 | D:2      | Found an opulent altar of Gozag.
  1534 | D:2      | Became a worshipper of Gozag Ym Sagoz the Greedy
  1555 | D:2      | Noticed Ijyb
  1570 | D:2      | Killed Ijyb
  1603 | D:2      | Reached XP level 4. HP: 21/30 MP: 3/8
  1699 | D:2      | Found a white marble altar of Elyvilon.
  1699 | D:2      | Found a deep blue altar of Sif Muna.
  1988 | D:3      | Noticed Natasha
  2013 | D:2      | Killed from afar by a white imp

Vault maps used:
D:1:      minmay_arrival_three_doors, serial_park_tiny_2, kennysheep_doodads
D:2:      nicolae_overflow_crystal_walls, amethyst_overflow_temple_binary,
          nicolae_gozag_cash_rules_everything_around_me, fountainhead, uniq_iyjb
D:3:      kennysheep_generic_room_11, uniq_natasha

Skill      XL: |  1  2 |
---------------+-------+-----
Dodging        | 3 |  3.5
Stealth        | |  2.2
Unarmed Combat | |  0.2
Spellcasting   | |  2.8
Summonings     | |  4.7

Action                   |  1- 3 |  4- 6 || total
-------------------------+-------+-------++-------
Melee: Unarmed           |    57 |       ||    57
       Whip              |    32 |    25 ||    57
       Tailslap          |     1 |       ||     1
 Cast: Summon Small Mamm |    53 |    19 ||    72
 Stab: Sleeping          |     1 |       ||     1
  Eat: Chunk             |     3 |     1 ||     4
Armor: Robe              |    19 |     6 ||    25
Dodge: Dodged            |    96 |    36 ||   132
